 Dungeon Crawl Stone Soup version 0.31-a0-1009-g454b1f1e0a (webtiles) character file.

Game seed: 4155550419302656556

2 Chiseanne the Magician (level 1, 0/9 HPs)
             Began as a Spriggan Wanderer on Nov 16, 2023.
             Slain by a kobold
             ... wielding a +0 club
              (1 damage)
             ... on level 1 of the Dungeon.
             The game lasted 00:00:34 (76 turns).

Chiseanne the Magician (Spriggan Wanderer)            Turns: 76, Time: 00:00:34

Health: 0/9        AC:  2    Str:  5    XL:     1   Next: 25%
Magic:  7/7        EV: 15    Int: 13    God:
Gold:   0          SH:  0    Dex: 17    Spells: 9/10 levels left

rFire   . . .        a - +0 rapier
rCold   . . .        (no shield)
rNeg    . . .        d - +0 robe
rPois   .            b - +0 hat
rElec   .            (no cloak)
rCorr   .            (gloves unavailable)
SInv    +            (boots unavailable)
Will    .....        (no amulet)
Stlth   +++          (no ring)
HPRegen 0.21/turn    (no ring)
MPRegen 0.10/turn

%: no passive effects
@: very quick
A: very small, no large weapons, unfitting armour, see invisible, speed 3
a: no special abilities


You were on level 1 of the Dungeon.
You visited 1 branch of the dungeon, and saw 1 of its levels.

Inventory:

Hand Weapons
 a - a +0 rapier (weapon)
Armour
 b - a +0 hat (worn)
 d - a +0 robe (worn)
Potions
 c - a potion of attraction


   Skills:
 * Level 0.1 Fighting
 - Level 3.2 Short Blades
 * Level 0.3 Dodging
 * Level 4.4 Stealth
 - Level 5.3 Spellcasting


You had 9 spell levels left.
You knew the following spells:

 Your Spells              Type           Power      Damage    Failure   Level
a - Sting                 Tmut/Pois      12%        1d3       19%         1

Your spell library contained the following spells:

 Spells                   Type           Power      Damage    Failure   Level
 Ignite Poison            Fire/Tmut/Pois 3%         N/A       50%         3


Dungeon Overview and Level Annotations

Branches:
Dungeon (1/15)

Altars:


Innate Abilities, Weirdness & Mutations

You are very small and have problems with some larger weapons.
You are too small for most types of armour.
You have supernaturally acute eyesight. (SInv)
You cover ground extremely quickly. (Speed+++)


Message History

There is an open door here.
There is an open door here.
There is an open door here.
There is an open door here.
A hobgoblin comes into view.
An endoplasm comes into view.
Found a scroll labelled QUNLEOBA JASM.
Found a mace.
The endoplasm freezes you.
You are frozen.
You hit the endoplasm.
The endoplasm is moderately wounded.
The endoplasm freezes you.
You are frozen.
You hit the endoplasm.
The endoplasm is almost dead.
The endoplasm freezes you.
You are frozen.
You hit the endoplasm.
You kill the endoplasm!
Aiming: Sting (safe; 19% risk of failure)
Press: ? - help, Q - select action Shift-Dir - straight line, f - you
Okay, then.
Aiming: Sting (safe; 19% risk of failure)
Press: ? - help, Q - select action Shift-Dir - straight line, f - you
Okay, then.
A kobold comes into view. It is wielding a +0 club.
The hobgoblin shouts!
The kobold shouts!
The hobgoblin closely misses you.
You barely miss the hobgoblin. The hobgoblin barely misses you.
You hit the hobgoblin.
The hobgoblin is heavily wounded.
The kobold hits you with a +0 club. The hobgoblin hits you.
Ouch! That really hurt!
You closely miss the hobgoblin.
The hobgoblin is heavily wounded.
The hobgoblin hits you.
* * * LOW HITPOINT WARNING * * *
The kobold hits you with a +0 club.
You die...

♣♣♣♣♣ ####
♣♣♣...#######<.##
##♣♣♣♣..........'....#
..).............#....#
...........#######..##
........$....8?..##'#
.................#..#
....#.@#....P.P.#..# .
. #Kg#.P.P...8#..#
#..#..P.P.P.#..#
#..#.P.P....#..#
#..#......P.#..#
#+##8...8...#'##
##########..##
#......#....#
#......'....#


You could see a hobgoblin and a kobold.

Vanquished Creatures
  An endoplasm (D:1)
  A bat (D:1)
2 creatures vanquished.

Notes
Turn   | Place    | Note
-------+----------+-------------------------------------------
     0 | D:1      | Chiseanne the Spriggan Wanderer began the quest for the
                  | Orb.
     0 | D:1      | Chiseanne set off with the following items: a +0 rapier, a
                  | +0 hat, a potion of attraction, a +0 robe; and the
                  | following spell memorised: Sting; and the following spells
                  | available to memorise: Ignite Poison.
     0 | D:1      | Reached XP level 1. HP: 9/9 MP: 7/7
    76 | D:1      | Slain by a kobold

Illustrated notes

Levels and vault maps discovered:
D:1:      sevenhm_arrival_forest_fort_large_4, layout_rooms,
          hangedman_decor_diamond_cutter, kennysheep_flooded_box

Action                     || total
---------------------------++-------
  Melee: Rapier            ||     7
   Stab: Sleeping          ||     1
 Armour: Robe              ||     4
  Dodge: Dodged            ||     2

Table legend: (Time is in decaauts)
 A = Elapsed time spent in this place.
 B = Non-inter-level travel time spent in this place.
 C = Inter-level travel time spent in this place.
 D = Time resting spent in this place.
 E = Time spent auto-exploring this place.
 F = Levels seen in this place.
 G = Mean time per level.
                   A        B        C        D        E       F      G
               +--------+--------+--------+--------+--------+-----+--------+
         Total |     57 |     57 |      0 |     18 |     23 |   1 |   57.0 |
       Dungeon |     57 |     57 |      0 |     18 |     23 |   1 |   57.0 |
               +--------+--------+--------+--------+--------+-----+--------+

Top non-repeatable levels by time:
     D:1: 57 daAuts
